 Dungeon Crawl Stone Soup version 0.18.1-48-g4cf74bf (webtiles) character file.

51013 GordonOverkill the Unseen (level 14, -8/59 HPs)
             Began as a Spriggan Enchanter on June 26, 2016.
             Was the Champion of Okawaru.
             Killed from afar by a lindwurm (25 damage)
             ... with a blast of flame
             ... on level 6 of the Lair of Beasts.
             The game lasted 01:47:15 (26215 turns).

GordonOverkill the Unseen (Spriggan Enchanter)     Turns: 26215, Time: 01:47:15

Health: -8/59      AC: 13    Str:  4    XL:     14   Next: 21%
Magic:  38/39      EV: 19    Int: 22    God:    Okawaru [******]
Gold:   1702       SH: 11    Dex: 20    Spells: 4 memorised, 26 levels left

rFire  . . .     SeeInvis +     j - +7 short sword of Contradiction {flame, +Rage rElec rPois Stlth-}
rCold  . . .     Gourm    .     M - +1 robe of the King of the Hill {MP+9 Dex+4}
rNeg   . . .     Faith    +     T - +2 buckler {AC+3}
rPois  +         Spirit   .     X - +2 hat
rElec  +         Dismiss  .     (no cloak)
rCorr  .         Reflect  .     (gloves unavailable)
SustAt .         Harm     .     (boots unavailable)
MR     +++..                    P - amulet of faith
Stlth  ++++......               o - +5 ring of protection
                                t - ring of protection from magic

@: very quick, extremely resistant to hostile enchantments, stealthy
A: unfitting armour, see invisible, herbivore 3, speed 3, slow metabolism 2
a: Heroism, Finesse, Renounce Religion, Evoke Berserk Rage


You were on level 6 of the Lair of Beasts.
You worshipped Okawaru.
Okawaru was exalted by your worship.
You were not hungry.

You visited 3 branches of the dungeon, and saw 19 of its levels.
You also visited: Labyrinth and Ice Cave.

You collected 1724 gold pieces.
You spent 22 gold pieces at shops.

Inventory:

Hand Weapons
 j - the +7 short sword of Contradiction (weapon) {flame, +Rage rElec rPois Stlth-}
   (Okawaru gifted it to you in an ice cave)

   It has been specially enchanted to burn those struck by it, causing extra
   injury to most foes and up to half again as much damage against particularly
   susceptible opponents.
   It insulates you from electricity.
   It protects you from poison.
   It lets you go berserk.
   It makes you less stealthy.
Armour
 M - the +1 robe of the King of the Hill (worn) {MP+9 Dex+4}
   (Okawaru gifted it to you in a labyrinth)

   It affects your dexterity (+4).
   It affects your magic capacity (+9).
 T - a +2 buckler of protection (worn)
 X - a +2 hat (worn)
Rods
 i - a +0 iron rod (14/14)
   (You found it on level 3 of the Lair of Beasts)
Jewellery
 o - a +5 ring of protection (right hand)
 t - a ring of protection from magic (left hand)
 u - an uncursed ring of protection from cold
 z - an uncursed amulet of rage {unknown}
 B - a cursed amulet of inaccuracy {unknown}
 P - an amulet of faith (around neck)
Wands
 c - a wand of confusion (41/48)
 r - a wand of lightning (6/15)
 s - a wand of disintegration (12/24)
 y - a wand of confusion (33/48)
 L - a wand of acid (0/15)
 O - a wand of heal wounds (7/9)
Scrolls
 f - 6 scrolls of remove curse
 n - 13 scrolls of teleportation
 v - 2 scrolls of recharging
 w - 4 scrolls of enchant weapon
 K - 2 scrolls of fog
 Q - a scroll of fear
Potions
 a - 5 potions of lignification
 e - 4 potions of flight
 g - 3 potions of might
 h - a potion of berserk rage {unknown}
 k - 2 potions of agility
 l - 3 potions of haste
 m - 2 potions of resistance
 p - a potion of magic
 q - 6 potions of curing
 x - 4 potions of heal wounds
 A - a potion of cure mutation {unknown}
 G - a potion of brilliance {unknown}
Books
 b - a book of Flames

   Spells                             Type                      Level
   a - Flame Tongue                   Conjuration/Fire             1
   b - Throw Flame                    Conjuration/Fire             2
   c - Conjure Flame                  Conjuration/Fire             3
   d - Inner Flame                    Hexes/Fire                   3
   e - Sticky Flame                   Conjuration/Fire             4
   f - Fireball                       Conjuration/Fire             5
Comestibles
 d - 11 bread rations
 D - 13 fruits


   Skills:
 - Level 10.0 Short Blades
 - Level 3.0 Dodging
 + Level 19.4 Stealth
 + Level 7.9 Shields
 - Level 11.0 Spellcasting
 - Level 16.0 Hexes


You had 26 spell levels left.
You knew the following spells:

 Your Spells              Type           Power        Failure   Level  Hunger
a - Corona                Hex            ######.      0%          1    None
b - Ensorcelled Hibernat  Hex/Ice        #####.       1%          2    None
c - Confuse               Hex            ######..     1%          3    None
d - Tukima's Dance        Hex            ######..     1%          3    None


Dungeon Overview and Level Annotations

Branches:
Dungeon (12/15)            Temple (1/1) D:5            Lair (6/8) D:11
  Swamp (0/4) Lair:6        Snake (0/4) Lair:6        Slime (0/6) Lair:6
    Orc (0/2) D:9

Altars:
Ashenzari
Cheibriados
Dithmenos
Elyvilon
Fedhas
Gozag
Kikubaaqudgha
Makhleb
Nemelex Xobeh
Okawaru
Pakellas
Qazlal
Ru
Sif Muna
Trog
Vehumet
Xom
Yredelemnul
Zin
The Shining One
Beogh

Shops:
D:9 *[   D:11 [

Annotations:
D:12 nobody's ghost, journeyman MiMo


Innate Abilities, Weirdness & Mutations

You are tiny and cannot use many weapons and most armour.
You have supernaturally acute eyesight.
You are a herbivore.
You cover ground extremely quickly.
You need consume almost no food.


Message History

Okay, then.
Casting: Confuse
Confirm with . or Enter, or press ? or * to list all spells.
Aiming: Confuse
Press: ? - help, Shift-Dir - straight line, f - lindwurm
Aim: a lindwurm (chance to defeat MR: 65%)
The lindwurm struggles to resist.
The lindwurm breathes flames at you. The blast of flame hits you!
The dire elephant tramples you!!
Ouch! That really hurt!
* * * LOW HITPOINT WARNING * * *
You stumble backwards!
Splash!
Read which item? (? for menu, Esc to quit)
Okay, then.
Drink which item? (? for menu, Esc to quit)
Okay, then.
The lindwurm breathes flames at you. The blast of flame hits you!
You die...

♣≈≈≈≈≈≈≈≈≈≈≈≈≈≈≈≈≈...♣♣
♣≈≈≈P≈≈≈♣≈≈♣♣≈≈≈≈P.♣♣♣
♣≈♣♣♣♣#♣♣♣♣#♣#♣♣♣♣♣#
#≈## #≈≈##### ######
######
#≈≈≈≈≈≈####≈k≈≈###≈≈.)#
#≈≈≈≈≈≈≈##§§≈#≈≈##≈..[#
#≈≈≈##≈≈≈§≈Y##≈Y#≈≈k.)#
#≈≈≈###≈@≈≈##≈≈≈k≈§≈.)#
##### #################


You could see a dire elephant and a lindwurm.

Vanquished Creatures
  Gastronok (Lair:1)
  Maud (Lair:4)
  The ghost of Kloppie the Impaler, a journeyman MiBe of Trog (D:12)
  The ghost of Peloso the Blocker, a journeyman MiFi of Okawaru (D:12)
  Snorg (D:10)
  A minotaur (Lab)
  Erolcha (D:10)
  3 hydras
  2 ice dragons (IceCv)
  A catoblepas (Lair:6)
  Erica (Lair:1)
  The ghost of Kloppie the Spear-Bearer, a novice MiBe of Trog (D:8)
  An unseen horror (D:10)
  2 ugly things (D:12)
  6 elephants
  2 ice statues (IceCv)
  5 black mambas
  10 spiny frogs
  A gargoyle (D:12)
  An efreet (D:12)
  A kobold demonologist (D:12)
  2 rime drakes (Lair:5)
  10 komodo dragons
  2 trolls
  22 blink frogs
  3 boulder beetles
  A wraith (D:10)
  2 redbacks (Lab)
  A spriggan (D:8)
  48 yaks
  7 hippogriffs
  7 basilisks
  Menkaure (D:7)
  4 hungry ghosts (Lab)
  A soldier ant (D:12)
  10 water moccasins
  4 nagas (Lair:6)
  7 porcupines
  A black bear (D:11)
  7 orc warriors
  5 sky beasts
  18 ice beasts
  A wasp (D:11)
  2 necrophages
  5 ogres
  The ghost of GordonOverkill the Insei, an amateur DsMo (D:4)
  9 centaurs
  13 crocodiles
  A big kobold (D:7)
  11 giant frogs
  A scorpion (D:4)
  7 killer bees
  A wight (D:11)
  7 howler monkeys
  6 electric eels
  4 crimson imps
  2 giant frog zombies
  A centaur zombie (D:4)
  A quasit (D:10)
  3 jellies
  4 hounds
  9 orc priests
  14 orc wizards
  2 centaur skeletons
  4 giant frog skeletons
  4 iguanas
  9 worker ants
  A killer bee zombie (D:10)
  14 sheep
  A hound skeleton (D:9)
  9 adders
  42 river rats
  3 shadow imps
  An ooze (D:3)
  An adder zombie (D:8)
  3 adder skeletons
  A worm (D:2)
  2 dart slugs (D:1)
  6 giant geckos
  88 orcs
  3 ball pythons
  9 giant cockroaches
  11 goblins
  9 hobgoblins
  14 jackals
  3 quokkas
  4 bats
  4 giant newts
  10 kobolds
  A quokka skeleton (D:7)
  A quokka zombie (D:5)
  9 rats
579 creatures vanquished.

Vanquished Creatures (collateral kills)
  2 killer bees (D:8)
2 creatures vanquished.

Vanquished Creatures (others)
  12 fungi
  6 plants
  13 toadstools (Lair:6)
31 creatures vanquished.

Grand Total: 612 creatures vanquished

Notes
Turn   | Place    | Note
--------------------------------------------------------------
     0 | D:1      | GordonOverkill the Spriggan Enchanter began the quest for the Orb.
     0 | D:1      | Reached XP level 1. HP: 9/9 MP: 5/5
   162 | D:1      | Reached XP level 2. HP: 6/13 MP: 4/7
   883 | D:1      | Reached XP level 3. HP: 16/16 MP: 7/9
   995 | D:1      | Learned a level 2 spell: Ensorcelled Hibernation
   999 | D:1      | Learned a level 3 spell: Confuse
  1003 | D:1      | Learned a level 3 spell: Tukima's Dance
  1037 | D:2      | Found a burning altar of Makhleb.
  1482 | D:2      | Reached XP level 4. HP: 21/21 MP: 1/11
  1742 | D:2      | Found a sacrificial altar of Ru.
  1885 | D:3      | Reached skill level 5 in Hexes
  1992 | D:3      | Found an oddly glowing altar of Pakellas.
  2131 | D:3      | Reached skill level 5 in Spellcasting
  2179 | D:3      | Reached XP level 5. HP: 14/24 MP: 4/13
  2995 | D:4      | Found an ancient bone altar of Kikubaaqudgha.
  3025 | D:4      | Reached XP level 6. HP: 28/28 MP: 15/15
  3355 | D:4      | Noticed GordonOverkill's ghost (amateur DsMo)
  3383 | D:4      | Killed GordonOverkill's ghost
  3384 | D:4      | Found a glowing golden altar of the Shining One.
  3659 | D:5      | Entered Level 5 of the Dungeon
  3662 | D:5      | Noticed an ice beast
  3663 | D:5      | Reached XP level 7. HP: 32/32 MP: 14/18
  3935 | D:5      | Found a glowing silver altar of Zin.
  4361 | D:5      | Found a deep blue altar of Sif Muna.
  4361 | D:5      | Found a blossoming altar of Fedhas.
  4392 | D:5      | Found a staircase to the Ecumenical Temple.
  4397 | Temple   | Entered the Ecumenical Temple
  4563 | Temple   | Became a worshipper of Warmaster Okawaru
  5133 | D:5      | Reached XP level 8. HP: 29/36 MP: 8/21
  5576 | D:7      | Reached * piety under Okawaru
  5789 | D:6      | Found a radiant altar of Vehumet.
  6182 | D:6      | Reached skill level 5 in Short Blades
  6296 | D:7      | Reached skill level 10 in Hexes
  6524 | D:7      | Reached ** piety under Okawaru
  6524 | D:7      | Reached XP level 9. HP: 39/39 MP: 22/22
  6658 | D:7      | Noticed Menkaure
  6663 | D:7      | Killed Menkaure
  7323 | D:8      | Noticed Kloppie's ghost (novice MiBe)
  7383 | D:8      | Killed Kloppie's ghost
  7383 | D:8      | Reached *** piety under Okawaru
  8182 | D:9      | Found Volosch's Elemental Accessories.
  8184 | D:9      | Reached **** piety under Okawaru
  8609 | D:9      | Reached XP level 10. HP: 44/44 MP: 18/23
  8793 | D:9      | Found a deep blue altar of Sif Muna.
  8940 | D:9      | Found Qyssoam's Antique Armour Boutique.
  8952 | D:9      | Bought a runed robe for 22 gold pieces
  9173 | D:9      | Found a staircase to the Orcish Mines.
  9728 | D:9      | Reached ***** piety under Okawaru
  9748 | D:9      | Reached skill level 10 in Short Blades
  9754 | D:9      | Reached skill level 5 in Stealth
  9942 | D:10     | Entered Level 10 of the Dungeon
  9949 | D:10     | Noticed Snorg
  9961 | D:10     | Killed Snorg
  9961 | D:10     | Received a gift from Okawaru
  9961 | D:10     | Reached skill level 7 in Stealth
 10358 | D:10     | Reached skill level 8 in Stealth
 10533 | D:10     | Noticed an unseen horror
 10538 | D:10     | Killed an unseen horror
 10580 | D:10     | Found a bloodstained altar of Trog.
 10661 | D:10     | Reached XP level 11. HP: 47/47 MP: 19/24
 10904 | D:10     | Noticed Erolcha
 10915 | D:10     | Killed Erolcha
 10915 | D:10     | Reached skill level 9 in Stealth
 10917 | D:10     | Found a roughly hewn altar of Beogh.
 11057 | D:10     | Reached skill level 10 in Stealth
 11985 | D:11     | Found a staircase to the Lair.
 11996 | D:11     | Reached skill level 11 in Stealth
 12023 | D:11     | Reached skill level 15 in Hexes
 12194 | D:11     | Found Gaiptus's Armour Shoppe.
 12583 | D:12     | Noticed a green ugly thing
 12591 | D:12     | Killed a green ugly thing
 12629 | D:12     | Reached skill level 12 in Stealth
 12633 | D:12     | Found a labyrinth entrance.
 12638 | Lab      | Entered a labyrinth
 12712 | Lab      | Received a gift from Okawaru
 12715 | Lab      | Got a tattered robe {god gift}
 12726 | Lab      | Identified the +1 robe of the King of the Hill {MP+9 Dex+4} (Okawaru gifted it to you in a labyrinth)
 12970 | Lab      | Noticed a minotaur
 13968 | Lab      | Killed a minotaur
 13968 | Lab      | Reached skill level 13 in Stealth
 13971 | Lab      | Got a transparent robe
 14067 | Lab      | Identified the +1 robe of Valiance {MR+ MP+9} (You took it off a minotaur in a labyrinth)
 14142 | D:12     | Noticed Kloppie's ghost (journeyman MiBe)
 14191 | D:12     | Killed Kloppie's ghost
 14191 | D:12     | Reached XP level 12. HP: 47/51 MP: 18/25
 14317 | D:12     | Noticed Peloso's ghost (journeyman MiFi)
 14353 | D:12     | Killed Peloso's ghost
 14353 | D:12     | Reached skill level 14 in Stealth
 14386 | D:12     | Identified the Reference Book on Unstable Intoxication
 14937 | D:12     | Noticed nobody's ghost (journeyman MiMo)
 15854 | Lair:1   | Entered Level 1 of the Lair of Beasts
 15863 | Lair:1   | Received a gift from Okawaru
 15923 | Lair:1   | Noticed Erica
 15942 | Lair:1   | Killed Erica
 15942 | Lair:1   | Reached skill level 15 in Stealth
 15986 | Lair:1   | Noticed Gastronok
 15991 | Lair:1   | Killed Gastronok
 15991 | Lair:1   | Reached skill level 10 in Spellcasting
 16083 | Lair:1   | Reached ****** piety under Okawaru
 16813 | Lair:2   | Noticed a seven-headed hydra
 16819 | Lair:2   | Killed a seven-headed hydra
 16950 | Lair:2   | Reached XP level 13. HP: 55/55 MP: 29/29
 16963 | Lair:2   | Received a gift from Okawaru
 17638 | Lair:2   | Reached skill level 16 in Stealth
 18208 | Lair:3   | Reached skill level 5 in Shields
 18350 | Lair:3   | Received a gift from Okawaru
 18687 | Lair:3   | Reached skill level 17 in Stealth
 18711 | Lair:3   | Received a gift from Okawaru
 19156 | Lair:4   | Noticed Maud
 19163 | Lair:4   | Killed Maud
 19321 | Lair:4   | You fall through a shaft!
 19516 | Lair:4   | Found a frozen archway.
 19525 | IceCv    | Entered an ice cave
 21463 | IceCv    | Reached skill level 18 in Stealth
 22738 | IceCv    | Received a gift from Okawaru
 22741 | IceCv    | Got a polished short sword {god gift}
 22742 | IceCv    | Identified the +7 short sword of Contradiction {flame, +Rage rElec rPois Stlth-} (Okawaru gifted it to you in an ice cave)
 24175 | Lair:5   | Reached XP level 14. HP: 55/59 MP: 23/30
 24528 | Lair:5   | Reached skill level 19 in Stealth
 25484 | Lair:6   | Found a staircase to the Swamp.
 25729 | Lair:6   | Found a staircase to the Snake Pit.
 25736 | Lair:6   | Received a gift from Okawaru
 26022 | Lair:6   | Found a staircase to the Slime Pits.
 26215 | Lair:6   | Killed from afar by a lindwurm

Skill      XL: |  1  2  3  4  5  6  7  8  9 10 11 12 13 14 |
---------------+-------------------------------------------+-----
Spellcasting   | 3 4 5 7 8 11 | 11.0
Hexes          | 4 5 6 7 8 10 12 14 15 16 | 16.0
Short Blades   | 2 5 8 10 | 10.0
Stealth        | 8 13 15 18 19 | 19.4
Shields        | 4 7 |  7.9
Dodging        | |  3.0

Action                   |  1- 3 |  4- 6 |  7- 9 | 10-12 | 13-15 || total
-------------------------+-------+-------+-------+-------+-------++-------
Melee: Dagger            |   102 |   118 |   300 |   494 |   345 ||  1359
       Short sword       |       |       |       |       |   167 ||   167
 Cast: Corona            |    17 |     4 |     4 |     5 |     2 ||    32
       Ensorcelled Hiber |    14 |    30 |    74 |   193 |   166 ||   477
       Confuse           |       |     8 |    45 |    69 |    95 ||   217
Evoke: Wand              |       |       |       |       |    11 ||    11
  Use: Scroll            |       |    13 |     7 |     9 |     7 ||    36
 Stab: Sleeping          |    18 |    39 |    64 |   182 |   117 ||   420
       Distracted        |     1 |     1 |       |     1 |     3 ||     6
       Confused          |       |     9 |    35 |    43 |    71 ||   158
  Eat: Bread ration      |       |       |     1 |     1 |     1 ||     3
       Pizza             |       |       |     1 |       |     1 ||     2
       Fruit             |       |       |       |     2 |     2 ||     4
Armor: Robe              |    12 |     5 |    33 |    58 |    33 ||   141
Dodge: Dodged            |    85 |    37 |   130 |   217 |   129 ||   598
Block: Buckler           |       |       |       |       |   107 ||   107
